 Dungeon Crawl Stone Soup version 0.24.1-5-g77f818bfca (webtiles) character file.

Game seed: 15925896409114058501, levelgen mode: deterministic

21 Gynju the Sneak (level 2, 0/13 HPs)
             Began as a Spriggan Enchanter on Apr 24, 2020.
             Slain by Sigmund
             ... wielding a +0 scythe
              (13 damage)
             ... on level 2 of the Dungeon.
             The game lasted 00:01:54 (1747 turns).

Gynju the Sneak (Spriggan Enchanter)                Turns: 1747, Time: 00:01:55

Health: 0/13       AC:  2    Str:  4    XL:     2   Next: 65%
Magic:  5/7        EV: 18    Int: 16    God:
Gold:   45         SH:  0    Dex: 16    Spells: 4/7 levels left

rFire    . . .     SeeInvis +   j - +0 dagger (curse)
rCold    . . .     Gourm    .   (shield restricted)
rNeg     . . .     Faith    .   b - +0 robe
rPois    .         Spirit   .   (helmet restricted)
rElec    .         Reflect  .   (no cloak)
rCorr    .         Harm     .   (gloves unavailable)
MR       .....                  (boots unavailable)
Stlth    +.........             (no amulet)
HPRegen  0.04/turn              (no ring)
MPRegen  0.10/turn              (no ring)

@: confused, very quick
A: very small, unfitting armour, see invisible, herbivore, speed 3, slow
metabolism 2
a: no special abilities


You were on level 2 of the Dungeon.
You were not hungry.

You visited 1 branch of the dungeon, and saw 2 of its levels.

You collected 45 gold pieces.

Inventory:

Hand Weapons
 a - a +1 dagger
 j - a cursed +0 dagger (weapon)
Armour
 b - a +0 robe (worn)
Scrolls
 c - a scroll of teleportation {unknown}
 e - a scroll of immolation {unknown}
 f - 2 scrolls of identify {unknown}
 g - a scroll of fog {unknown}
 h - 2 scrolls of enchant armour {unknown}
Potions
 i - a potion of flight {unknown}
Comestibles
 d - 3 rations


   Skills:
 - Level 1.1 Short Blades
 - Level 3.0 Dodging
 + Level 5.0 Stealth
 + Level 3.2 Spellcasting
 + Level 4.0 Hexes


You had 4 spell levels left.
You knew the following spells:

 Your Spells              Type           Power        Failure   Level  Hunger
a - Ensorcelled Hibernat  Hex/Ice        #.....       12%         2    ##.....
b - Corona                Hex            ###....      3%          1    None

Your spell library contained the following spells:

 Spells                   Type           Power        Failure   Level  Hunger
 Confuse                  Hex            ###.....     11%         3    ###....
 Tukima's Dance           Hex            ###.....     11%         3    ###....
 Dazzling Spray           Conj/Hex       #.....       24%         3    ###....


Dungeon Overview and Level Annotations

Branches:
Dungeon (2/15)

Altars:
Xom

Annotations:
D:2 Sigmund


Innate Abilities, Weirdness & Mutations

You are very small and have problems with some larger weapons.
You are too small for most types of armour.
You have supernaturally acute eyesight. (SInv)
You are a herbivore.
You cover ground extremely quickly.
You need to consume almost no food.


Message History

d - 3 rations (gained 1)
You now have 45 gold pieces (gained 3).
Sigmund the Dreaded comes into view.
He is wielding a +0 scythe.
Marking area around Sigmund as unsafe for travelling.
Unknown command.
Found a shimmering altar of Xom.
Sigmund shouts!
You hear a shout!
A hobgoblin comes into view.
Sigmund completely misses you.
Casting: Ensorcelled Hibernation (safe; 12% risk of failure)
Confirm with . or Enter, or press ? or * to list all spells.
Aiming: Ensorcelled Hibernation (safe; 12% risk of failure)
Press: ? - help, Shift-Dir - straight line, f - Sigmund
Aim: Sigmund, wielding a +0 scythe and wearing a cursed -2 robe (chance to defeat MR: 50%) Sigmund resists with some effort.
Sigmund points at you and mumbles some strange words.
You are confused.
Sigmund hits you from afar with a +0 scythe!
Ouch! That really hurt!
You die...

................?.#
###≈.
...........>...##.#
...................
...........####.###
...?........^...#..
..............#....
.................(.
.......####.####..
#.#.... #...@.# #
#....#$....g@#
#....#.......#
#........_.....
#....#.......#.#
)..#.......#..# ..
##.....## .#
###.### ..


You could see Sigmund and a hobgoblin.

Vanquished Creatures
  An ooze (D:1)
  A worm (D:1)
  A leopard gecko (D:1)
  A giant cockroach (D:1)
  2 goblins (D:1)
  A hobgoblin (D:1)
  2 bats
  2 frilled lizards (D:1)
  4 kobolds (D:1)
15 creatures vanquished.

Notes
Turn   | Place    | Note
-------+----------+-------------------------------------------
     0 | D:1      | Gynju the Spriggan Enchanter began the quest for the Orb.
     0 | D:1      | Reached XP level 1. HP: 9/9 MP: 5/5
   643 | D:1      | Reached XP level 2. HP: 13/13 MP: 7/7
   647 | D:1      | Learned a level 2 spell: Ensorcelled Hibernation
  1579 | D:1      | Reached skill level 5 in Stealth
  1739 | D:2      | Noticed Sigmund
  1742 | D:2      | Found a shimmering altar of Xom.
  1747 | D:2      | Slain by Sigmund

Levels and vault maps discovered:
D:1:      dpeg_arrival_triangle_fractal, layout_basic
D:2:      layout_rooms, old_standard_altar, minmay_overflow_temple_star_quad,
          minmay_crystal_water, uniq_sigmund

Skill      XL: |  1  2 |
---------------+-------+-----
Spellcasting   | 3 |  3.2
Hexes          | 4 |  4.0
Stealth        | 5 |  5.0
Short Blades   | |  1.1
Dodging        | |  3.0

Action                   || total
-------------------------++-------
Melee: Dagger            ||    45
 Cast: Corona            ||     5
       Ensorcelled Hiber ||     9
 Stab: Sleeping          ||     8
Armor: Robe              ||     4
Dodge: Dodged            ||    51
